 Dungeon Crawl Stone Soup version 0.24-a0-251-g44e327ef01 (webtiles) character file.

Game seed: 9266198072089005831

914 Redear the Sneak (level 8, -1/55 HPs)
             Began as an Octopode Fighter on Apr 16, 2019.
             Slain by a gnoll
             ... wielding a +0 spear
              (5 damage)
             ... on level 5 of the Dungeon.
             The game lasted 00:06:27 (3714 turns).

Redear the Sneak (Octopode Fighter)                 Turns: 3714, Time: 00:06:27

Health: -1/55      AC:  1    Str: 15    XL:     8   Next: 9%
Magic:  8/8        EV: 15    Int: 10    God:
Gold:   362        SH:  0    Dex: 12    Spells: 7/7 levels left

rFire    . . .     SeeInvis +   t - +3 short sword
rCold    . . .     Gourm    .   (no shield)
rNeg     . . .     Faith    .   (helmet restricted)
rPois    +         Spirit   .   (no amulet)
rElec    .         Reflect  .   o - ring of poison resistance (curse) {rPois}
rCorr    +         Harm     .   g - ring of resist corrosion
MR       .....                  (no ring)
Stlth    ++++......             (no ring)
HPRegen  0.18/turn              (no ring)
MPRegen  0.11/turn              (no ring)
                                (no ring)
                                (no ring)

@: no status effects
A: almost no armour, stealthy swim, amphibious, 8 rings, constrict 8, tentacle
spike 1, camouflage 1, see invisible, clumsy 1, gelatinous body 1
a: no special abilities


You were on level 5 of the Dungeon.
You were very hungry.

You visited 1 branch of the dungeon, and saw 5 of its levels.

You collected 362 gold pieces.

Inventory:

Hand Weapons
 a - a +0 long sword
 q - a +0 dagger of venom
 t - a +3 short sword (weapon)
Armour
 b - a +0 shield
Jewellery
 g - a ring of resist corrosion (right tentacle)
 h - an uncursed ring of magical power {unknown}
 o - a cursed ring of poison resistance (left tentacle) {rPois}
Wands
 I - a wand of iceblast (8)
 V - a wand of flame (26)
Scrolls
 d - 3 scrolls of teleportation {unknown}
 e - 4 scrolls of identify {unknown}
 f - a scroll of fear {unknown}
 i - 2 scrolls of magic mapping {unknown}
 k - 4 scrolls of blinking {unknown}
 l - 2 scrolls of enchant weapon {unknown}
 m - a scroll of immolation {unknown}
 n - 2 scrolls of amnesia {unknown}
 p - 2 scrolls of fog {unknown}
 r - a scroll of enchant armour {unknown}
 s - 3 scrolls of remove curse {unknown}
 u - a scroll of noise {unknown}
Potions
 c - a potion of might {Str+5 DMG+1d10 | @q3}
 j - 2 potions of brilliance {Archmagi Int+5 Wiz++}
Comestibles
 z - 7 rations


   Skills:
 + Level 5.0 Fighting
 + Level 4.4 Long Blades
 + Level 4.9 Dodging
 + Level 5.4 Stealth
 + Level 4.9 Shields


You had 7 spell levels left.
You didn't know any spells.
Your spell library was empty.

Dungeon Overview and Level Annotations

Branches:
Dungeon (5/15)
 Temple: D:4-7

Altars:
Ashenzari
Hepliaklqana
Qazlal
Vehumet

Shops:
D:4 (

Annotations:
D:4 1 runed translucent door, yrara's ghost, amateur DsFi


Innate Abilities, Weirdness & Mutations

You cannot wear most types of armour.
You are very stealthy in the water. (Stealth+)
You are amphibious.
You can wear up to eight rings at the same time.
You can use your tentacles to constrict eight enemies at once.
Your skin changes colour to match your surroundings (Stealth+).
Your rubbery body absorbs attacks. (AC +1, EV +1)
One of your tentacles bears a spike.
You have supernaturally acute eyesight. (SInv)
You are clumsy. (Dex -2)


Message History

* * * LOW HITPOINT WARNING * * *
You take 6 damage, and have 10/55 hp.
Unknown command.
You feel better. The gnoll misses you. The gnoll hits you with a +0 spear.
You regained 9 hp, and now have 19/55 hp.
You closely miss the gnoll. You grab the gnoll. You constrict the gnoll.
The gnoll hits you with a +0 spear!
* * * LOW HITPOINT WARNING * * *
You take 11 damage, and have 8/55 hp.
Unknown command.
You feel better.
You constrict the gnoll. The gnoll hits you with a +0 spear!
* * * LOW HITPOINT WARNING * * *
You regained 2 hp, and now have 10/55 hp.
Unknown command.
You hit the gnoll.
You pierce the gnoll.
The gnoll is heavily wounded.
You constrict the gnoll. The gnoll hits you with a +0 spear.
* * * LOW HITPOINT WARNING * * *
The gnoll hits you with a +0 spear.
You die...

#..# #.....# #..##.##.##.# #..#
#.....# ##.#.....##.# #..#
#.....# ##....##.##.# #..#
#.....# #............
#..########.....# #.....##†####
...........##.#.# #g....##.####
#..##########.#.# #)...........
#..######## #.#.#####(##.....####
#.........###.#.@gg.†.(..........
..............#######.###>.......
...############ ###.######.####
#..# #......# #.# #..# #......#
#.# #..# #......# #.# #..#
#......# .# ...# #......# ...#
#......#


You could see 2 gnolls.

Vanquished Creatures
  Eustachio (D:5)
  A phantom (D:4)
  2 ogres (D:5)
  A howler monkey (D:2)
  2 bullfrog zombies (D:5)
  A hound (D:5)
  A jelly (D:5)
  2 orc wizards (D:4)
  A gnoll shaman (D:5)
  4 worker ants
  A hound zombie (D:3)
  2 gnolls (D:5)
  5 adders
  2 worms
  A dart slug (D:3)
  3 leopard geckos
  4 orcs
  4 giant cockroaches
  8 goblins
  2 hobgoblins
  11 jackals (D:3)
  2 quokkas (D:5)
  7 bats
  6 frilled lizards
  7 kobolds
  A quokka skeleton (D:5)
  7 rats
89 creatures vanquished.

Vanquished Creatures (others)
  An adder zombie (D:5)
1 creature vanquished.

Grand Total: 90 creatures vanquished

Notes
Turn   | Place    | Note
-------+----------+-------------------------------------------
     0 | D:1      | Redear the Octopode Fighter began the quest for the Orb.
     0 | D:1      | Reached XP level 1. HP: 16/16 MP: 1/1
   190 | D:1      | Reached XP level 2. HP: 21/21 MP: 2/2
   191 | D:1      | Reached skill level 1 in Stealth
   617 | D:2      | Found a hazy altar of Hepliaklqana.
   651 | D:2      | Reached XP level 3. HP: 24/26 MP: 3/3
   656 | D:2      | Found a faded altar of an unknown god.
   815 | D:2      | Reached skill level 2 in Stealth
   815 | D:2      | Reached XP level 4. HP: 8/31 MP: 4/4
  1401 | D:3      | Reached XP level 5. HP: 27/36 MP: 5/5
  1718 | D:3      | Found a shattered altar of Ashenzari.
  1768 | D:3      | Reached skill level 3 in Long Blades
  1768 | D:3      | Reached skill level 3 in Stealth
  1772 | D:3      | Found a radiant altar of Vehumet.
  2059 | D:4      | Noticed a phantom
  2062 | D:4      | Gained mutation: You are clumsy. (Dex -2) [potion of
                  | mutation]
  2062 | D:4      | Gained mutation: You have supernaturally acute eyesight.
                  | (SInv) [potion of mutation]
  2062 | D:4      | Gained mutation: One of your tentacles bears a spike.
                  | [potion of mutation]
  2069 | D:4      | Reached XP level 6. HP: 20/43 MP: 6/6
  2090 | D:4      | Reached skill level 4 in Fighting
  2090 | D:4      | Reached skill level 4 in Shields
  2187 | D:5      | Entered Level 5 of the Dungeon
  2431 | D:5      | Reached skill level 4 in Dodging
  2524 | D:4      | Killed a phantom
  2809 | D:4      | Reached skill level 4 in Stealth
  2835 | D:4      | Found Ogisom's Weapon Shoppe.
  2993 | D:4      | Found a runed translucent door.
  2993 | D:4      | Noticed yrara's ghost (amateur DsFi)
  3398 | D:5      | Found a stormy altar of Qazlal.
  3405 | D:5      | Reached XP level 7. HP: 44/49 MP: 7/7
  3592 | D:5      | Reached skill level 4 in Long Blades
  3612 | D:5      | Noticed Eustachio
  3623 | D:5      | Killed Eustachio
  3623 | D:5      | Reached skill level 5 in Stealth
  3623 | D:5      | Reached XP level 8. HP: 45/54 MP: 8/8
  3701 | D:5      | Reached skill level 5 in Fighting
  3714 | D:5      | HP: 4/55 [gnoll/+0 spear (6)]
  3714 | D:5      | Slain by a gnoll

Levels and vault maps discovered:
D:1:      lemuel_arrival_river_bridge, layout_basic,
          chequers_serial_rivers_small_3, nrook_mini_backslash,
          serial_bayou_lagoon_b
D:2:      layout_loops_cross, overflow_temple_1_default,
          chequers_ecumenical_altar_island
D:3:      layout_rooms, ashenzari_conservatory_becter, lemuel_round_altar,
          minmay_misc_feat_x, minmay_starry_boxes
D:4:      layout_cave_pools, first_ration, gammafunk_ghost_grave,
          minmay_shop_grid_forest, kennysheep_nondescript
D:5:      layout_basic, kennysheep_mini, grunt_qazlal_clouds, uniq_eustachio

Skill      XL: |  1  2  3  4  5  6  7  8 |
---------------+-------------------------+-----
Stealth        | 1 2 3 4 5 |  5.4
Long Blades    | 3 4 |  4.4
Fighting       | 4 5 |  5.0
Shields        | 4 |  4.9
Dodging        | 4 |  4.9

Action                   |  1- 3 |  4- 6 |  7- 9 || total
-------------------------+-------+-------+-------++-------
Melee: Long sword        |    30 |    50 |       ||    80
       Constrict         |    12 |    26 |    10 ||    48
       Tentacles         |     9 |    19 |     9 ||    37
       Dagger            |       |    65 |       ||    65
       Short sword       |       |    35 |    37 ||    72
       Kick              |       |    12 |    17 ||    29
  Use: Potion            |       |     7 |     2 ||     9
 Stab: Sleeping          |     4 |    12 |     4 ||    20
  Eat: Chunk             |       |     8 |       ||     8
Armor: Skin              |     2 |    80 |     1 ||    83
Dodge: Dodged            |    22 |    85 |    23 ||   130
       Rpst.: Long sword |     5 |    25 |       ||    30

Table legend:
 A = Non-vault XP
 B = Vault XP
 C = Vault XP percentage of total XP
 D = Non-vault monster count
 E = Vault monster count
 F = Vault count percentage of total count
                 A         B        C        D         E       F
            +---------+---------+-------+---------+---------+-------
      Total |    1074 |     232 |  17.8 |      82 |       7 |   7.9
            +---------+---------+-------+---------+---------+-------
        D:1 |      18 |       0 |   0.0 |      12 |       0 |   0.0
        D:2 |     114 |       0 |   0.0 |      22 |       0 |   0.0
        D:3 |      86 |      24 |  21.8 |      22 |       6 |  21.4
        D:4 |     294 |       0 |   0.0 |      11 |       0 |   0.0
        D:5 |     562 |     208 |  27.0 |      15 |       1 |   6.2
            +---------+---------+-------+---------+---------+-------
